 Dungeon Crawl Stone Soup version 0.29.1-12-g30fa7ad0bf (webtiles) character file.

Game seed: 10807852786820328722

6412 hawla the Thaumaturge (level 11, 0/83 HPs)
             Began as a Meteoran Fire Elementalist on Jan 11, 2023.
             Was a Priest of Vehumet.
             Slain by a komodo dragon (12 damage)
             ... while petrified by a basilisk
             ... on level 11 of the Dungeon.
             The game lasted 00:24:27 (4159 turns).

hawla the Thaumaturge (Meteoran Fire Elementalist)  Turns: 4159, Time: 00:24:27

Health: 0/83       AC:  7    Str: 11    XL:     11   Next: 40%
Magic:  10/26      EV:  2    Int: 20    God:    Vehumet [***...]
Gold:   335        SH:  0    Dex: 15    Spells: 24/31 levels left

rFire   + . .      SeeInvis +   b - +3 dire flail of Zanuc {chaos, SInv}
rCold   + . .      Faith    .   (shield currently unavailable)
rNeg    + + +      Spirit   .   y - +0 robe {rC+ rF+}
rPois   ∞          Reflect  +   (no helmet)
rElec   .          Harm     .   z - +2 cloak
rCorr   .          Rampage  .   A - +0 pair of gloves
Will    +....                   q - +0 pair of boots
Stlth   +.........              n - amulet of reflection
HPRegen 0.23/turn               (no ring)
MPRegen 0.20/turn               (no ring)

@: petrified, glowing
A: sense surroundings 2, otherworldly, glowing, explore regen
a: Renounce Religion


You were on level 11 of the Dungeon.
You worshipped Vehumet.
Vehumet was most pleased with you.
You visited 1 branch of the dungeon, and saw 10 of its levels.

You collected 335 gold pieces.

Inventory:

Hand Weapons
 b - the +3 dire flail of Zanuc (weapon) {chaos, SInv}
   (You took it off an ogre on level 5 of the Dungeon)

   Each time it hits an enemy it has a different, random effect.
   SInv:      It lets you see invisible.
 o - the +3 whip "Babikis" {drain, Int+3 Dex+3 Stlth+}
   (You found it on level 7 of the Dungeon)

   A truly terrible weapon, it drains the life of any living foe it strikes.
   Int:       It affects your intelligence (+3).
   Dex:       It affects your dexterity (+3).
   Stlth:     It makes you more stealthy.
Armour
 q - a +0 pair of boots (worn)
 y - a +0 robe of resistance (worn)
 z - a +2 cloak (worn)
 A - a +0 pair of gloves (worn)
 C - a +2 robe of willpower
Magical Staves
 l - a staff of poison
 u - a staff of air
Jewellery
 h - an amulet of magic regeneration
 n - an amulet of reflection (around neck)
 E - the ring of the Garden {Will++ SInv}
   (You took it off an orc warrior on level 11 of the Dungeon)

   [ring of see invisible]

   SInv:      It lets you see invisible.
   Will:      It greatly increases your willpower.
Wands
 g - a wand of polymorph (4)
 j - a wand of roots (10)
 m - a wand of flame (26) (quivered)
 r - a wand of charming (3)
Scrolls
 a - a scroll of poison {unknown}
 c - 3 scrolls of teleportation
 v - a scroll of identify
 B - 3 scrolls of fear
 D - 2 scrolls of immolation {unknown}
Potions
 e - a potion of ambrosia
 f - a potion of brilliance
 i - a potion of might
 k - a potion of attraction {unknown}
 p - a potion of lignification {unknown}
 s - a potion of resistance {unknown}
 t - a potion of flight {unknown}
 x - a potion of degeneration {unknown}
Miscellaneous
 w - a lightning rod (4/4)


   Skills:
 + Level 3.7 Fighting
 + Level 6.7(6.8) Maces & Flails
 + Level 1.3(4.1) Staves
 + Level 6.7 Dodging
 - Level 1.4 Stealth
 + Level 10.9 Spellcasting
 + Level 6.8 Conjurations
 + Level 10.0 Fire Magic
 + Level 3.0 Air Magic
 + Level 3.0 Poison Magic
 + Level 3.0 Evocations


You had 24 spell levels left.
You knew the following spells:

 Your Spells              Type           Power      Damage    Failure   Level
a - Foxfire               Conj/Fire      100%       2x1d9     1%          1
b - Scorch                Fire           100%       2d10      1%          2
c - Flame Wave            Conj/Fire      44%        2d11      1%          4

Your spell library contained the following spells:

 Spells                   Type           Power      Damage    Failure   Level
 Searing Ray              Conj           76%        2d7       1%          2
 Magic Dart               Conj           100%       1d8       1%          1
 Sandblast                Erth           20%        2d7       1%          1
 Conjure Flame            Conj/Fire      44%        6-21      1%          3
 Inner Flame              Hex/Fire       31%        N/A       1%          3
 Mephitic Cloud           Conj/Pois/Air  28%        N/A       1%          3
 Stone Arrow              Conj/Erth      48%        3d10      1%          3
 Frozen Ramparts          Ice            20%        1d4       5%          3
 Call Imp                 Summ           10%        N/A       10%         2
 Passwall                 Tmut/Erth      8%         N/A       10%         2
 Ozocubu's Armour         Ice            10%        N/A       19%         3
 Portal Projectile        Hex/Tloc       20%        N/A       19%         3
 Tukima's Dance           Hex            10%        N/A       19%         3
 Ice Form                 Ice/Tmut       10%        N/A       54%         4
 Summon Ice Beast         Ice/Summ       10%        N/A       54%         4
 Blade Hands              Tmut           5%         N/A       87%         5
 Metabolic Englaciation   Hex/Ice        5%         N/A       87%         5
 Simulacrum               Ice/Necr       5%         N/A       100%        6


Dungeon Overview and Level Annotations

Branches:
Dungeon (11/15) Zot: 1827     Orc (0/2) D:11
 Temple: D:4-7         Lair: D:8-11

Altars:
Elyvilon
Fedhas
Hepliaklqana
Kikubaaqudgha
Makhleb
Nemelex Xobeh
Qazlal
Ru
Trog
Uskayaw
Vehumet
Wu Jian
Yredelemnul
Zin


Innate Abilities, Weirdness & Mutations

You passively map the area around you.
You are easily found by Zot.
You glow in the dark.
You regain HP and MP as you explore.


Message History

Casting: Scorch (safe; 1% risk of failure)
Confirm with . or Enter, or press ? or * to list all spells.
Casting: Flame Wave (mildly dangerous; 1% risk of failure)
Press: ? - help, Dir - look around, f - activate A wave of flame ripples out!
The flame wave engulfs the steam dragon!
The steam dragon is burned terribly!
You kill the steam dragon!
Vehumet accepts your kill.
You feel your power returning.
The steam dragon scales are intact enough to wear. (Press . to intensify the flame waves.)
Your Fire Magic skill increases to level 10!
A wave of flame ripples out!
The flame wave engulfs the basilisk.
The basilisk is lightly wounded.
The basilisk gazes at you.
You are slowing down.
A wave of flame ripples out!
The flame wave engulfs the basilisk!
The basilisk is moderately wounded.
You finish channelling waves of flame.
The basilisk gazes at you.
Your limbs have turned to stone.
You have turned to stone.
The basilisk bites you. The komodo dragon bites you!! The basilisk bites you.
The komodo dragon bites you! The basilisk bites you!
The komodo dragon bites you!!
* * * LOW HITPOINT WARNING * * *
The basilisk barely misses you. The komodo dragon bites you!
* * * LOW HITPOINT WARNING * * *
The basilisk bites you.
* * * LOW HITPOINT WARNING * * *
The komodo dragon bites you!
* * * LOW HITPOINT WARNING * * *
The basilisk gazes at you.
The komodo dragon bites you but does no damage.
The basilisk bites you.
* * * LOW HITPOINT WARNING * * *
The komodo dragon bites you!!
You die...

* *** *** #** * ## #.
###########
#..#.###.........###
###...l.....###(....# ,,
......l@...###.###..####
*, , , .....###(###
####.##...# ,* ...* ,
###* #######. , . , * ,
* ## ** , , * * * ** * *


You could see a komodo dragon and a basilisk.

Vanquished Creatures
  Nergalle (D:10)
  2 manticores (D:11)
  Maurice (D:8)
  A komodo dragon (D:11)
  A troll (D:11)
  Sigmund (D:5)
  A wraith (D:10)
  2 wyverns
  A vampire (D:10)
  2 steam dragons
  4 vampire mosquitoes (D:11)
  2 acid dragons
  A water moccasin (D:9)
  2 orc warriors (D:11)
  A sky beast (D:8)
  2 ogres (D:5)
  3 centaurs
  3 kobold brigands
  2 bullfrogs
  A scorpion (D:4)
  2 gnoll sergeants
  4 killer bees (D:9)
  7 howler monkeys
  A gnoll bouda (D:10)
  An iguana (D:5)
  10 orc priests
  Ijyb (D:3)
  12 orc wizards
  13 gnolls
  An adder (D:5)
  2 worms
  The ghost of Unforgiven the Covert, a weakling GnDe (D:5)
  27 orcs
  3 endoplasms
  3 giant cockroaches
  3 goblins
  4 hobgoblins
  3 jackals (D:2)
  14 kobolds
  2 quokkas
  2 bats (D:2)
  A frilled lizard (D:2)
  2 rats
153 creatures vanquished.

Vanquished Creatures (collateral kills)
  2 foxfires (D:4)
2 creatures vanquished.

Vanquished Creatures (others)
  177 foxfires
  2 fungi (D:3)
  2 plants (D:3)
181 creatures vanquished.

Grand Total: 336 creatures vanquished

Notes
Turn   | Place    | Note
-------+----------+-------------------------------------------
     0 | D:1      | hawla the Meteoran Fire Elementalist began the quest for
                  | the Orb.
     0 | D:1      | Reached XP level 1. HP: 14/14 MP: 5/5
    91 | D:1      | Reached XP level 2. HP: 20/20 MP: 1/6
    94 | D:1      | Learned a level 2 spell: Scorch
   167 | D:2      | Found a hazy altar of Hepliaklqana.
   178 | D:2      | Reached XP level 3. HP: 26/26 MP: 1/8
   351 | D:3      | Noticed Ijyb
   543 | D:3      | Reached XP level 4. HP: 33/33 MP: 3/10
  1014 | D:3      | Killed Ijyb
  1015 | D:3      | Reached skill level 1 in Poison Magic
  1015 | D:3      | Reached skill level 1 in Evocations
  1048 | D:4      | Found an ancient bone altar of Kikubaaqudgha.
  1059 | D:4      | Reached XP level 5. HP: 25/38 MP: 2/11
  1210 | D:4      | Found a hide-covered altar of Uskayaw.
  1210 | D:4      | Found a basalt altar of Yredelemnul.
  1210 | D:4      | Found a blossoming altar of Fedhas.
  1268 | D:4      | Reached XP level 6. HP: 23/45 MP: 9/12
  1277 | D:4      | Learned a level 4 spell: Flame Wave
  1336 | D:4      | Found a stormy altar of Qazlal.
  1337 | D:4      | Found a sacrificial altar of Ru.
  1339 | D:4      | Found an ornate altar of the Wu Jian Council.
  1339 | D:4      | Found a radiant altar of Vehumet.
  1340 | D:4      | Found a glowing silver altar of Zin.
  1343 | D:4      | Found a hazy altar of Hepliaklqana.
  1346 | D:4      | Found a white marble altar of Elyvilon.
  1347 | D:4      | Found a bloodstained altar of Trog.
  1348 | D:4      | Became a worshipper of Vehumet
  1369 | D:5      | Entered Level 5 of the Dungeon
  1436 | D:5      | Noticed Sigmund
  1446 | D:5      | Killed Sigmund
  1447 | D:5      | Reached XP level 7. HP: 40/51 MP: 0/13
  1458 | D:5      | Noticed Unforgiven's ghost (weakling GnDe)
  1458 | D:5      | Identified the +3 dire flail of Zanuc {chaos, SInv}
  1466 | D:5      | Found a transporter.
  1479 | D:5      | Reached skill level 5 in Fire Magic
  1481 | D:5      | Found a transporter.
  1503 | D:5      | Killed Unforgiven's ghost
  1505 | D:5      | Reached skill level 1 in Staves
  1505 | D:5      | Reached skill level 5 in Conjurations
  1506 | D:5      | Reached skill level 1 in Fighting
  1506 | D:5      | Reached XP level 8. HP: 59/59 MP: 2/15
  1619 | D:5      | You fall into a shaft and drop 2 floors!
  1663 | D:7      | Identified the +3 whip "Babikis" {drain, Int+3 Dex+3
                  | Stlth+}
  1712 | D:8      | Reached skill level 1 in Maces & Flails
  1715 | D:8      | Noticed Maurice
  1732 | D:7      | Reached * piety under Vehumet
  1732 | D:7      | Offered knowledge of Shock by Vehumet.
  1787 | D:8      | Killed Maurice
  1788 | D:8      | Reached skill level 5 in Spellcasting
  1788 | D:8      | Gained mutation: You passively map the area around you.
                  | [Meteoran growth]
  1788 | D:8      | Reached XP level 9. HP: 64/67 MP: 5/18
  1903 | D:8      | Reached skill level 5 in Maces & Flails
  2230 | D:8      | Found a sparkling altar of Nemelex Xobeh.
  2230 | D:8      | Found a transporter.
  2230 | D:8      | Noticed a slime creature
  2231 | D:8      | Noticed a deep elf pyromancer
  2523 | D:9      | Offered knowledge of Magic Dart by Vehumet.
  2529 | D:9      | Reached ** piety under Vehumet
  2600 | D:9      | Reached XP level 10. HP: 66/75 MP: 16/22
  2850 | D:9      | Reached skill level 5 in Dodging
  3268 | D:10     | Entered Level 10 of the Dungeon
  3329 | D:10     | Found a burning altar of Makhleb.
  3616 | D:10     | Identified the +2 rapier of Okhlytuga {vorpal, rPois}
  3763 | D:10     | Noticed Nergalle
  3777 | D:10     | Killed Nergalle
  3884 | D:11     | Noticed a manticore
  3892 | D:11     | Killed a manticore
  3997 | D:11     | Identified the ring of the Garden {Will++ SInv}
  4002 | D:11     | Reached XP level 11. HP: 76/82 MP: 18/25
  4004 | D:11     | Offered knowledge of Searing Ray by Vehumet.
  4008 | D:11     | Reached skill level 10 in Spellcasting
  4044 | D:11     | Found a staircase to the Orcish Mines.
  4062 | D:11     | Reached *** piety under Vehumet
  4065 | D:11     | Noticed a manticore
  4075 | D:11     | Killed a manticore
  4148 | D:11     | Reached skill level 10 in Fire Magic
  4159 | D:11     | Slain by a komodo dragon

Illustrated notes

Levels and vault maps discovered:
D:1:      dpeg_arrival_rooms_a, layout_loops_corners, serial_shops, shop
D:2:      layout_rooms, basic_altar, serial_shops, shop_statue
D:3:      layout_basic, shapermc_ecumenical_altar_hornbeckon, uniq_ijyb
D:4:      layout_basic, mainiacjoe_overflow_cross_hatched,
          nicolae_overflow_hallway_of_the_gods
D:5:      minmay_chambers_of_threes, layout_gridville, gammafunk_ghost_smash,
          uniq_sigmund
D:7:      layout_loops_ring, kennysheep_path_1, minmay_manual_mullet
D:8:      layout_rooms, grunt_nemelex_the_gamble, minmay_misc_feat_rows,
          kennysheep_another_room, david_defended_altar_orc, uniq_maurice
D:9:      layout_loops_corners
D:10:     layout_irregular_city, bloody_makhleb, serial_glass, glass_columns_c,
          glass_columns_b, minmay_strange_pillars, minmay_strange_pillars,
          uniq_nergalle
D:11:     layout_basic, erik_lair_dragon, david_orc_3, nicolae_twisting_strands

Skill      XL: |  1  2  3  4  5  6  7  8  9 10 11 |
---------------+----------------------------------+-----
Fire Magic     | 4 5 6 7 9 10 | 10.0
Spellcasting   | 3 4 5 7 9 10 | 10.9
Poison Magic   | 1 3 |  3.0
Evocations     | 1 3 |  3.0
Conjurations   | 4 5 6 |  6.8
Dodging        | 3 4 6 |  6.7
Staves         | 1 |  1.3
Fighting       | 1 2 3 |  3.7
Maces & Flails | 3 5 6 |  6.7
Air Magic      | 3 |  3.0
Stealth        | |  1.4

Action                   |  1- 3 |  4- 6 |  7- 9 | 10-12 || total
-------------------------+-------+-------+-------+-------++-------
Melee: Unarmed           |     5 |       |    11 |       ||    16
       Staff             |     8 |    18 |    11 |     3 ||    40
       Punch             |       |     1 |       |       ||     1
       Dire flail        |       |       |    19 |    16 ||    35
       Whip              |       |       |    30 |    14 ||    44
 Cast: Foxfire           |    36 |    25 |    30 |    13 ||   104
       Scorch            |     2 |    18 |    19 |    33 ||    72
       Flame Wave        |       |       |    16 |    18 ||    34
Evoke: Wand              |       |       |     1 |       ||     1
  Use: Scroll            |     5 |     3 |     7 |     1 ||    16
       Potion            |       |     2 |     1 |     3 ||     6
 Stab: Sleeping          |       |       |       |     1 ||     1
Armor: Robe              |     6 |     6 |    18 |    22 ||    52
       Skin              |       |       |     3 |       ||     3
Dodge: Dodged            |    16 |    17 |    60 |    61 ||   154
Block: Other             |       |     7 |    15 |    25 ||    47
       Reflection        |       |       |     1 |     1 ||     2
